Map: [ESL] Data-C

Players

ByuN

  • Race: Terran Terran
  • Spawn Location: 9:00

Zoun - Winner!

  • Race: Protoss Protoss
  • Spawn Location: 3:00

Event: DreamHack SC2 Masters 2022 Atlanta (Offline)

VOD

Have the link to the VOD?

Description

Time

  • Played on: Nov. 19, 2022, 9:43 a.m.
  • Length: 11:04

All games in this series

Show
View Real Time Build Order
Export as new Build Order

ByuN Terran 

Build Orders:  

Get SALT Encoding   

  12  0:00  SCV  
  13  0:12  SCV  
  14  0:16  Supply Depot  
  14  0:24  SCV  
  15  0:38  SCV  
  15  0:41  Barracks  
  16  0:43  Refinery  
  16  0:50  SCV  
  17  1:02  SCV  
  18  1:14  SCV  
  19  1:28  Orbital Command, Marine  
  20  1:45  Command Center  
  20  1:54  Factory  
  20  1:57  SCV  
  21  2:02  Barracks Reactor  
  21  2:06  Supply Depot  
  21  2:10  SCV  
  22  2:18  Refinery  
  22  2:23  SCV  
  23  2:35  SCV  
  24  2:38  Marine x2  
  24  2:40  Starport  
  26  2:46  Factory Tech Lab  
  26  2:47  SCV  
  27  2:56  Marine x2  
  27  2:58  Orbital Command  
  29  3:01  SCV  
  30  3:06  Cyclone  
  32  3:13  SCV  
  32  3:14  Marine x2  
  35  3:23  Medivac  
  35  3:25  SCV x2  
  38  3:32  Marine x2  
  40  3:35  Supply Depot  
  40  3:37  SCV  
  40  3:39  SCV  
  42  3:45  Cyclone  
  45  3:53  Supply Depot, SCV  
  46  3:56  SCV  
  45  4:05  SCV  
  45  4:07  Marine x2  
  45  4:08  SCV, Starport Tech Lab  
  49  4:16  Supply Depot  
  49  4:17  SCV  
  49  4:20  SCV  
  51  4:28  Banshee  
  51  4:29  SCV, Cloaking Field  
  55  4:32  SCV  
  54  4:41  SCV, Marine  
  54  4:44  SCV  
  54  4:45  Marine  
  56  4:51  Siege Tank  
  54  4:53  SCV  
  54  4:56  SCV  
  55  5:05  SCV, Marine x2  
  55  5:08  SCV  
  56  5:14  Banshee  
  56  5:16  Barracks x2  
  56  5:17  SCV  
  56  5:20  SCV, Bunker  
  61  5:23  Marine  
  61  5:24  Supply Depot, Marine  
  61  5:36  Engineering Bay  
  61  5:40  SCV x2  
  61  5:41  Marine x2  
  61  5:42  Factory Reactor  
  64  5:47  Refinery  
  64  5:52  SCV x2  
  66  5:59  Marine x2  
  68  6:04  SCV x2  
  68  6:08  Terran Infantry Weapons Level 1  
  67  6:11  Missile Turret, Barracks Tech Lab  
  67  6:12  Stimpack, Marine  
  67  6:17  Marine x2  
  70  6:18  Missile Turret  
  70  6:19  Refinery  
  70  6:20  Supply Depot  
  70  6:23  Raven  
  74  6:34  Marauder  
  74  6:36  Marine  
  74  6:39  Supply Depot, Marine  
  78  6:42  Factory Reactor  
  78  6:43  Command Center, SCV x2  
  77  6:47  Supply Depot  
  75  6:54  Marine  
  75  6:55  Marauder x2  
  75  7:00  SCV x2  
  82  7:02  Barracks x2  
  82  7:07  Supply Depot  
  82  7:09  Supply Depot  
  82  7:12  SCV x2  
  82  7:15  Marine x2  
  86  7:16  Marauder  
  86  7:17  Marauder  
  90  7:24  SCV x2, Factory Reactor  
  90  7:25  Supply Depot  
  92  7:31  Supply Depot  
  92  7:35  Marine x2  
  92  7:36  SCV, Medivac  
  92  7:37  SCV, Medivac  
  95  7:38  Marauder x2  
  100  7:48  SCV  
  100  7:49  SCV  
  100  7:50  Barracks Reactor, Barracks Tech Lab  
  102  7:56  Orbital Command  
  102  7:58  Missile Turret  
  102  8:01  SCV x2  
  102  8:03  Terran Infantry Armor Level 1  
  102  8:04  Combat Shield  
  104  8:06  Concussive Shells, Medivac  
  104  8:07  Medivac  
  108  8:13  SCV x2  
  111  8:27  Refinery  
  111  8:28  Refinery  
  111  8:30  SCV x3  
  112  8:34  Armory  
  112  8:35  Engineering Bay  
  112  8:36  Medivac  
  112  8:37  Medivac, Marauder x3  
  112  8:38  Marine x4  
  126  8:42  SCV x3  
  128  8:51  Widow Mine x2  
  128  8:54  SCV  
  128  8:55  SCV x2, Command Center  
  134  9:04  Marauder x3  
  134  9:06  Marine x4  
  144  9:10  Medivac  
  144  9:11  Medivac  
  148  9:34  Marine  
  148  9:37  Supply Depot  
  149  9:38  Supply Depot  
  149  9:40  Barracks x2, Widow Mine x2, Marauder, Marine x2  
  157  9:49  Ghost Academy  
  157  9:56  Supply Depot  
  157  9:58  SCV, Sensor Tower, Marine  
  157  9:59  SCV x2, Marauder x2  
  165  10:00  Medivac x2  
  165  10:01  Supply Depot  
  169  10:12  Missile Turret  
  168  10:24  Marauder x2, Marine  
  168  10:25  Marine  
  168  10:27  Widow Mine  
  168  10:29  SCV  
  168  10:30  SCV  
  168  10:31  Widow Mine  
  168  10:33  SCV  
  142  10:41  SCV  
  142  10:42  SCV, Marine  
  101  10:43  Marine  
  101  10:45  SCV, Marine  
Show
View Real Time Build Order
Export as new Build Order

Zoun Protoss - Winner!

Build Orders: 1 Gate Expand, Oracle Opening 

Get SALT Encoding   

  12  0:00  Probe  
  13  0:12  Probe  
  14  0:17  Pylon  
  14  0:24  Probe (Chrono Boost)  
  15  0:36  Probe (Chrono Boost)  
  15  0:37  Gateway  
  16  0:44  Probe (Chrono Boost)  
  16  0:46  Assimilator  
  17  0:50  Probe  
  18  1:03  Probe  
  19  1:15  Probe  
  20  1:25  Cybernetics Core  
  20  1:34  Nexus  
  20  1:37  Probe  
  21  1:45  Pylon  
  21  1:49  Probe  
  21  1:53  Assimilator  
  22  2:00  Adept (Chrono Boost)  
  22  2:01  Probe  
  25  2:14  Probe  
  26  2:20  Stargate  
  26  2:25  Adept  
  26  2:26  Probe  
  29  2:33  Warp Gate (Chrono Boost)  
  29  2:38  Probe (Chrono Boost)  
  30  2:46  Probe (Chrono Boost)  
  30  2:51  Probe (Chrono Boost)  
  32  2:55  Probe (Chrono Boost)  
  32  2:57  Probe (Chrono Boost)  
  34  3:02  Oracle (Chrono Boost)  
  34  3:03  Probe  
  38  3:05  Probe  
  39  3:15  Probe  
  39  3:17  Probe, Gateway  
  41  3:26  Gateway  
  41  3:27  Probe  
  41  3:30  Probe  
  43  3:35  Shield Battery  
  43  3:37  Pylon  
  43  3:38  Robotics Facility  
  43  3:40  Probe  
  44  3:44  Pylon  
  44  3:46  Probe  
  45  3:53  Shield Battery, Probe  
  46  3:58  Probe  
  47  4:05  Probe  
  47  4:09  Phoenix (Chrono Boost), Assimilator  
  47  4:10  Probe  
  47  4:11  Assimilator  
  47  4:14  Stalker  
  50  4:17  Stalker  
  50  4:21  Probe  
  50  4:23  Probe  
  54  4:27  Phoenix (Chrono Boost)  
  54  4:29  Adept  
  54  4:38  Probe  
  54  4:40  Probe  
  54  4:41  Adept  
  56  4:50  Probe  
  51  4:53  Zealot x2  
  55  5:03  Probe  
  54  5:08  Probe  
  55  5:17  Probe  
  56  5:25  Robotics Bay  
  56  5:31  Nexus  
  56  5:32  Pylon  
  56  5:34  Twilight Council  
  60  5:43  Probe x2  
  60  5:46  Observer (Chrono Boost)  
  60  5:47  Stalker  
  60  5:49  Shield Battery, Pylon  
  61  5:54  Shield Battery  
  61  5:55  Probe  
  59  5:57  Phoenix  
  59  5:59  Probe  
  59  6:11  Probe x2 (Chrono Boost)  
  61  6:20  Colossus (Chrono Boost)  
  61  6:21  Probe (Chrono Boost)  
  61  6:22  Charge, Probe (Chrono Boost)  
  69  6:29  Probe  
  69  6:31  Probe  
  71  6:42  Probe  
  71  6:43  Probe x2  
  71  6:46  Assimilator  
  74  6:48  Sentry  
  74  6:51  Gateway  
  74  6:53  Gateway  
  74  6:54  Extended Thermal Lance, Probe  
  77  6:55  Probe x2  
  79  7:06  Probe  
  79  7:08  Colossus (Chrono Boost)  
  80  7:12  Probe x2  
  87  7:18  Phoenix (Chrono Boost), Gateway, Probe  
  87  7:20  Gateway  
  90  7:24  Probe  
  91  7:30  Pylon  
  91  7:40  Phoenix (Chrono Boost), Forge  
  91  7:44  Pylon x2  
  93  7:51  Templar Archives  
  93  7:53  Gateway  
  93  7:55  Zealot x2  
  93  7:56  Pylon  
  93  7:57  Zealot  
  99  8:01  Colossus (Chrono Boost)  
  99  8:03  Probe, Pylon  
  99  8:04  Probe x2, Assimilator  
  108  8:11  Protoss Ground Weapons Level 1 (Chrono Boost)  
  108  8:17  Forge  
  108  8:18  Pylon  
  108  8:21  Zealot x2  
  108  8:22  Zealot  
  108  8:23  Zealot  
  116  8:28  High Templar  
  116  8:30  High Templar  
  116  8:31  Zealot  
  122  8:34  Archon  
  122  8:36  Probe x2  
  124  8:42  Pylon  
  124  8:43  Probe  
  124  8:45  Warp Prism (Chrono Boost)  
  127  8:50  Nexus  
  127  8:53  Pylon  
  127  8:57  High Templar x2  
  127  9:03  Zealot x5  
  135  9:12  Zealot  
  137  9:20  Archon  
  137  9:28  Shield Battery, Gateway  
  137  9:29  Gateway, High Templar  
  137  9:30  Zealot, Photon Cannon, High Templar x3  
  137  9:31  Zealot  
  149  9:34  Archon  
  149  9:48  Probe x3  
  149  9:49  Archon  
  150  9:53  Zealot, High Templar x2  
  150  9:55  Pylon x2  
  150  9:56  Pylon  
  150  9:57  Archon  
  156  10:09  Stalker x3  
  156  10:10  Zealot  
  156  10:11  Zealot  
  162  10:28  Zealot x3  
  143  10:42  Zealot x4  
Tags
 
Add a new tag
Caveats
  • Supply blocks, unpowered buildings, or Contaminate may cause inaccurate times.
  • Supply counts are checked every 10 seconds.